AoeStats
← VIT Liereyy

Arabian Desert

509891164Analyzed
1v1 RM · 4d ago on Sep 28, 2026· 30m 48s· 2 players
Game mode
Random Map
Map size
Tiny (2 player)
Population
200
Speed
Normal
Resources
Standard
Victory
Conquest
Starting age
Dark Age
Ending age
Imperial Age
RankedLock teamsTeams togetherTeam positionsShared explorationLock speedFull tech treeHidden civsTurbo modeCheats
Victory
Defeat
🇦🇹 Vietnamese · Austria
2920
+18
🇺🇾 Lithuanians · Uruguay
2961
-18
VIT Liereyy
6:15 Loom
8:44 Feudal Age
9:20 Double-Bit Axe
10:33 Horse Collar
18:17 Wheelbarrow
18:56 Fletching
22:54 Castle Age
22:24 Scale Barding Armor
23:08 Bloodlines
24:25 Chain Barding Armor
26:44 Forging
28:14 Husbandry
28:30 Husbandry
28:45 Heavy Plow
29:30 Bodkin Arrow
29:56 Town Watch
31:25 Ballistics
wR.Sebastian
6:16 Loom
8:52 Feudal Age
9:34 Double-Bit Axe
15:21 Horse Collar
17:49 Bloodlines
18:59 Wheelbarrow
21:43 Scale Barding Armor
26:31 Castle Age
27:51 Chain Barding Armor
31:10 Husbandry
Connection lost

Rejoining the realm…

Still unreachable

The connection could not be restored.

Session expired

The server has moved on; the page needs a fresh start.